 Dungeon Crawl Stone Soup version 0.28-a0-1227-ga9037bb4c8 (webtiles) character file.

Game seed: 17507459965350870589

37 horus123 the Distorting Demonspawn (level 3, -5/29 HPs)
             Began as a Demonspawn Abyssal Knight on Dec 23, 2021.
             Was a Believer of Lugonu.
             Slain by Sigmund (6 damage)
             ... on level 2 of the Dungeon.
             The game lasted 00:02:05 (1349 turns).

horus123 the Distorting Demonspawn (DsAK)           Turns: 1349, Time: 00:02:05

Health: -5/29      AC:  4    Str: 15    XL:     3   Next: 21%
Magic:  6/6        EV: 11    Int: 11    God:    Lugonu [**....]
Gold:   17         SH:  0    Dex: 15    Spells: 2/2 levels left

rFire   . . .      SeeInvis .   f - +0 demon trident (drain)
rCold   . . .      Faith    .   (no shield)
rNeg    . . .      Spirit   .   b - +1 leather armour
rPois   .          Reflect  .   (no helmet)
rElec   .          Harm     .   (no cloak)
rCorr   .          Rampage  .   (no gloves)
Will    .....                   (no boots)
Stlth   ++........              (no amulet)
HPRegen 0.09/turn               (no ring)
MPRegen 0.10/turn               (no ring)

@: mighty
A: thin skeletal structure 1
a: Renounce Religion, Depart the Abyss, Bend Space


You were on level 2 of the Dungeon.
You worshipped Lugonu.
Lugonu was pleased with you.
You visited 1 branch of the dungeon, and saw 2 of its levels.
You visited the Abyss 1 time.

You collected 17 gold pieces.

Inventory:

Hand Weapons
 a - a +1 spear
 f - a +0 demon trident of draining (weapon)
Armour
 b - a +1 leather armour (worn)


   Skills:
 - Level 3.0 Fighting
 - Level 1.7 Polearms
 - Level 1.7 Armour
 - Level 0.8 Dodging
 + Level 4.8 Invocations


You had 2 spell levels left.
You didn't know any spells.
Your spell library was empty.

Dungeon Overview and Level Annotations

Branches:
Dungeon (2/15)

Altars:

Annotations:
D:2 Sigmund


Innate Abilities, Weirdness & Mutations

You have a somewhat thin skeletal structure. (Dex +2, Stealth+)


Message History

You puncture the kobold!
You kill the kobold!
Lugonu accepts your kill.
The hobgoblin hits you with a +0 dagger.
You hit the hobgoblin but do no damage. You drain the hobgoblin.
The hobgoblin is almost dead.
Sigmund closely misses you. The hobgoblin misses you.
You hit the hobgoblin but do no damage.
The hobgoblin is almost dead.
Sigmund casts a spell.
Sigmund flickers and vanishes!
Deactivating autopickup; reactivate with Ctrl-A.
The hobgoblin closely misses you.
You barely miss the hobgoblin.
The hobgoblin is almost dead.
Something hits you.
The hobgoblin hits you with a +0 dagger.
* * * LOW HITPOINT WARNING * * *
You hit the hobgoblin but do no damage.
The hobgoblin is almost dead.
The hobgoblin closely misses you. Something hits you but does no damage.
You completely miss the hobgoblin.
The hobgoblin is almost dead.
The hobgoblin barely misses you. Something hits you but does no damage.
The hobgoblin barely misses you.
You hit the hobgoblin.
You kill the hobgoblin!
Lugonu accepts your kill.
You can now bend space around yourself.
Something hits you!
* * * LOW HITPOINT WARNING * * *
Unknown command.
Unknown command.
Unknown command.
Unknown command.
It was a potion of might.
You feel very mighty all of a sudden.
Reach: f) +0 demon trident (drain)
Press: ? - help, Dir - move target You reach to attack!
You puncture something! Something hits you.
You die...

#.. # #.# .# #.###.
#####.#.. .......#
#.....#.# #.{....# #)#
#.# #@# #.# #.# ...
##'## #.# ##.!.## #.####
##.....## #.##.##
##.......#
###.#...####..........#
...........'...........
###.#...####.......#####


There were no monsters in sight!

Vanquished Creatures
  An adder (D:2)
  6 ball pythons
  3 bats (D:1)
  4 endoplasms
  A giant cockroach (D:1)
  A goblin (D:1)
  3 hobgoblins
  3 kobolds
  2 frilled lizards
  A rat (D:1)
25 creatures vanquished.

Notes
Turn   | Place    | Note
-------+----------+-------------------------------------------
     0 | Abyss:1  | horus123 the Demonspawn Abyssal Knight began the quest for
                  | the Orb.
     0 | Abyss:1  | Reached XP level 1. HP: 18/18 MP: 2/2
    14 | D:1      | Escaped the Abyss
   181 | D:1      | Reached skill level 3 in Invocations
   348 | D:1      | Gained mutation: You have a somewhat thin skeletal
                  | structure. (Dex +2, Stealth+) [demonic ancestry]
   348 | D:1      | Reached XP level 2. HP: 24/24 MP: 4/4
   676 | D:1      | Reached skill level 4 in Invocations
  1235 | D:2      | Reached XP level 3. HP: 26/29 MP: 6/6
  1328 | D:2      | Noticed Sigmund
  1347 | D:2      | Reached ** piety under Lugonu
  1347 | D:2      | HP: 1/29 [something (7)]
  1349 | D:2      | Slain by Sigmund

Illustrated notes

Levels and vault maps discovered:
D:1:      giann_bridges, layout_loops_ring
D:2:      layout_loops_corners, shapermc_ecumenical_altar_mp_vishouse,
          uniq_sigmund, uniq_natasha

Skill      XL: |  1  2 |
---------------+-------+-----
Invocations    | 3 4 |  4.8
Fighting       | |  3.0
Polearms       | |  1.7
Armour         | |  1.7
Dodging        | |  0.8

Action                   || total
-------------------------++-------
Melee: Spear             ||    70
       Demon trident     ||    24
  Use: Scroll            ||     2
       Potion            ||     1
 Stab: Sleeping          ||     7
Armor: Leather armour    ||    30
Dodge: Dodged            ||    53

Table legend: (Time is in decaauts)
 A = Elapsed time spent in this place.
 B = Non-inter-level travel time spent in this place.
 C = Inter-level travel time spent in this place.
 D = Time resting spent in this place.
 E = Time spent auto-exploring this place.
 F = Levels seen in this place.
 G = Mean time per level.
                   A        B        C        D        E       F      G
               +--------+--------+--------+--------+--------+-----+--------+
         Total |   1353 |   1333 |     20 |      0 |   1140 |   3 |  451.0 |
       Dungeon |   1339 |   1319 |     20 |      0 |   1135 |   2 |  669.5 |
         Abyss |     14 |     14 |      0 |      0 |      5 |   1 |   14.0 |
               +--------+--------+--------+--------+--------+-----+--------+

Top non-repeatable levels by time:
     D:1: 1090 daAuts
     D:2: 249 daAuts
 Abyss:1: 14 daAuts
